 Dungeon Crawl Stone Soup version 0.28.0-47-ge53b351184 (webtiles) character file.

Game seed: 11633381599966132857

126 Atelerd the Digger (level 5, -2/31 HPs)
             Began as an Octopode Earth Elementalist on May 10, 2022.
             Slain by a gnoll
             ... wielding a +0 club
              (9 damage)
             ... on level 3 of the Dungeon.
             The game lasted 00:04:36 (2697 turns).

Atelerd the Digger (Octopode Earth Elementalist)    Turns: 2697, Time: 00:04:37

Health: -2/31      AC:  1    Str:  8    XL:     5   Next: 9%
Magic:  6/9        EV: 13    Int: 19    God:
Gold:   27         SH:  0    Dex: 12    Spells: 9/10 levels left

rFire   . . .      SeeInvis .   i - +2 short sword (venom)
rCold   . . .      Faith    .   (no shield)
rNeg    + . .      Spirit   .   (helmet restricted)
rPois   .          Reflect  .   (no amulet)
rElec   .          Harm     .   a - ring of positive energy
rCorr   .          Rampage  .   (no ring)
Will    .....                   (no ring)
Stlth   +++.......              (no ring)
HPRegen 0.10/turn               (no ring)
MPRegen 0.11/turn               (no ring)
                                (no ring)
                                (no ring)

@: no status effects
A: almost no armour, amphibious, 8 rings, camouflage 1, gelatinous body 1,
(nimble swimmer 1), tentacles
a: no special abilities


You were on level 3 of the Dungeon.
You visited 1 branch of the dungeon, and saw 3 of its levels.

You collected 147 gold pieces.
You spent 120 gold pieces at shops.

Inventory:

Hand Weapons
 d - a +0 dagger
 i - a +2 short sword of venom (weapon)
Missiles
 b - 48 stones
Jewellery
 a - a ring of positive energy (left tentacle)
Scrolls
 c - 2 scrolls of immolation {unknown}
 h - 2 scrolls of fear {unknown}
 j - a scroll of teleportation {unknown}
 k - 2 scrolls of identify {unknown}
 l - a scroll of blinking {unknown}
 m - a scroll of summoning {unknown}
Potions
 e - a potion of ambrosia {unknown}
 f - 5 potions of might {unknown}
 g - 2 potions of brilliance {unknown}


   Skills:
 + Level 0.1 Fighting
 + Level 0.8 Short Blades
 - Level 2.0 Dodging
 - Level 2.6 Stealth
 + Level 0.1 Unarmed Combat
 + Level 3.0 Spellcasting
 * Level 1.7 Transmutations
 * Level 4.5 Earth Magic


You had 9 spell levels left.
You knew the following spells:

 Your Spells              Type           Power      Damage    Failure   Level
a - Sandblast             Erth           40%        2d10      2%          1

Your spell library contained the following spells:

 Spells                   Type           Power      Damage    Failure   Level
 Passwall                 Tmut/Erth      11%        N/A       6%          2
 Stone Arrow              Conj/Erth      22%        3d8       19%         3
 Ensorcelled Hibernation  Hex/Ice        4%         N/A       22%         2
 Spider Form              Tmut/Pois      6%         N/A       32%         3
 Petrify                  Tmut/Erth      14%        N/A       38%         4
 Anguish                  Hex/Necr       1%         N/A       83%         4


Dungeon Overview and Level Annotations

Branches:
Dungeon (3/15)

Altars:
Vehumet

Shops:
D:1 ((*=:

Annotations:
D:3 exclusion: statue


Innate Abilities, Weirdness & Mutations

You cannot wear most types of armour.
You are amphibious.
You can wear up to eight rings at the same time.
Your skin changes colour to match your surroundings (Stealth+).
Your rubbery body absorbs attacks. (AC +1, EV +1)
((You are camouflaged when in or above water. (Stealth+)))
You have tentacles for arms and can constrict up to eight enemies at once.


Message History

The gnoll hits you from afar with a +0 halberd!
* * * LOW HITPOINT WARNING * * *
There is an open door here.
There is an open door here.
You see here a hobgoblin skeleton.
Found a blue potion.
Press: ? - help, v - describe, . - travel The floor.
Press: ? - help, v - describe, . - travel The floor.
There are monsters nearby!
The gnoll closely misses you. The gnoll misses you.
The gnoll barely misses you.
Casting: Sandblast (safe; 2% risk of failure)
Confirm with . or Enter, or press ? or * to list all spells.
Aiming: Sandblast (safe; 2% risk of failure)
Press: ? - help, Shift-Dir - straight line, f - gnoll
Aim: a gnoll, wielding a +0 halberd (82% to hit)
The blast of sand hits the gnoll!!
You kill the gnoll!
The gnoll misses you.
Your Spellcasting skill increases to level 3!
Casting: Sandblast (safe; 2% risk of failure)
Confirm with . or Enter, or press ? or * to list all spells.
Aiming: Sandblast (safe; 2% risk of failure)
Press: ? - help, Shift-Dir - straight line, f - gnoll
Aim: a gnoll, wielding a +0 club (83% to hit)
The blast of sand misses the gnoll.
The gnoll hits you with a +0 club.
* * * LOW HITPOINT WARNING * * *
Unknown command.
Unknown command.
Casting: Sandblast (safe; 2% risk of failure)
Confirm with . or Enter, or press ? or * to list all spells.
Aiming: Sandblast (safe; 2% risk of failure)
Press: ? - help, Shift-Dir - straight line, f/p - gnoll
Aim: a gnoll, wielding a +0 club (83% to hit)
The blast of sand hits the gnoll.
The gnoll is moderately wounded.
The gnoll hits you with a +0 club!
You die...

#.# #.# ##'## #...
#.# #.# #####.###
##.# #.# #.#
#.......# #.# #.#
#.##.##)# #.# #.#
#.#...#)########g#
#.###
#.#...#.......##g#
..#.#...#..####.##.#
#.#.#._.#..####.##g#
#.#@#...#..#....g..#
#.g)#.8.#....##.####
##..# #..####.#
##.#####.......#
#...g.g..######
#####.#### #.# #!#
#.#


You could see a gnoll.

Vanquished Creatures
  Robin (D:2)
  3 gnolls (D:3)
  3 adders (D:2)
  2 dart slugs (D:1)
  3 orcs (D:3)
  A bat (D:1)
  9 endoplasms
  5 goblins (D:2)
  9 hobgoblins
  2 quokkas (D:1)
  5 ball pythons
  3 kobolds
  3 rats
49 creatures vanquished.

Notes
Turn   | Place    | Note
-------+----------+-------------------------------------------
     0 | D:1      | Atelerd the Octopode Earth Elementalist began the quest for
                  | the Orb.
     0 | D:1      | Reached XP level 1. HP: 11/11 MP: 3/3
    16 | D:1      | Noticed a minotaur skeleton
   115 | D:1      | Found Lesuuloc's Book Emporium.
   147 | D:1      | Reached XP level 2. HP: 17/17 MP: 3/5
   222 | D:1      | Found Yrghoiz's Jewellery Boutique.
   297 | D:1      | Found Emamal's Assorted Antiques.
   330 | D:1      | Bought a dark potion for 16 gold pieces
   330 | D:1      | Bought a fuming amethyst potion for 16 gold pieces
   330 | D:1      | Bought a purple potion for 16 gold pieces
   364 | D:1      | Found Goxkum's Weapon Emporium.
   866 | D:1      | Found Ralaudgh's Weapon Boutique.
   888 | D:1      | Reached XP level 3. HP: 21/21 MP: 6/6
  1290 | D:2      | Reached skill level 4 in Earth Magic
  1416 | D:2      | Noticed Robin
  1418 | D:2      | Killed Robin
  1419 | D:2      | Reached XP level 4. HP: 15/27 MP: 1/8
  1686 | D:2      | Found a faded altar of an unknown god.
  2364 | D:1      | Bought 2 scrolls labelled YSHRUU DIANOUDAU for 36 gold
                  | pieces
  2364 | D:1      | Bought a scroll labelled WUMAEZ BAMI for 18 gold pieces
  2364 | D:1      | Bought a scroll labelled CYMULO FOCSE for 18 gold pieces
  2467 | D:3      | Found a radiant altar of Vehumet.
  2547 | D:3      | Noticed a charred statue
  2639 | D:3      | Reached XP level 5. HP: 11/31 MP: 9/9
  2697 | D:3      | Slain by a gnoll

Illustrated notes

Levels and vault maps discovered:
D:1:      shiori_arrival_whats_in_store_for_you, layout_loops_ring,
          serial_shops, shop_statue, shop, nicolae_shop_statue_plus,
          nicolae_square_shop, nicolae_diamond_shop
D:2:      layout_basic, chequers_ecumenical_altar_simple, uniq_robin
D:3:      layout_loops_corners, vehumet_statue, minmay_fractal_squares_5,
          uniq_grinder, uniq_jessica

Skill      XL: |  1  2  3  4  5 |
---------------+----------------+-----
Earth Magic    | 4 |  4.5
Spellcasting   | 3 |  3.0
Fighting       | |  0.1
Short Blades   | |  0.8
Dodging        | |  2.0
Stealth        | |  2.6
Unarmed Combat | |  0.1
Transmutations | |  1.7

Action                   |  1- 3 |  4- 6 || total
-------------------------+-------+-------++-------
Melee: Tentacles         |     6 |     3 ||     9
       Unarmed           |     3 |       ||     3
       Dagger            |    19 |       ||    19
       Constrict         |     7 |     4 ||    11
       Punch             |     1 |       ||     1
       Short sword       |     6 |    21 ||    27
 Cast: Sandblast         |    19 |    13 ||    32
 Stab: Sleeping          |     8 |     5 ||    13
Armor: Skin              |       |     1 ||     1
Dodge: Dodged            |    15 |    18 ||    33
